 Dungeon Crawl Stone Soup version 0.22.1-1-ga44c0e5 (webtiles) character file.

31 Harpaggios the Sneak (level 3, 0/28 HPs)
             Began as a Naga Enchanter on Oct 19, 2018.
             Succumbed to an adder's poison
             ... on level 2 of the Dungeon.
             The game lasted 00:12:56 (1380 turns).

Harpaggios the Sneak (Naga Enchanter)               Turns: 1380, Time: 00:12:57

Health: 0/28       AC:  2    Str: 10    XL:     3   Next: 22%
Magic:  5/7        EV: 10    Int: 15    God:
Gold:   35         SH:  0    Dex: 12    Spells: 6/7 levels left

rFire    . . .     SeeInvis +   a - +1 dagger
rCold    . . .     Gourm    .   (no shield)
rNeg     . . .     Faith    .   b - +0 robe
rPois    +         Spirit   .   (no helmet)
rElec    .         Reflect  .   (no cloak)
rCorr    .         Harm     .   (no gloves)
MR       .....                  (no barding)
Stlth    +++.......             (no amulet)
HPRegen  0.09/turn              (no ring)
MPRegen  0.10/turn              (no ring)

@: lethally poisoned (0 -> -10), very slow
A: large, see invisible, deformed body, poison resistance, slowness 2, slow
metabolism 1, spit poison 1, AC +1
a: Spit Poison


You were on level 2 of the Dungeon.
You were hungry.

You visited 1 branch of the dungeon, and saw 2 of its levels.

You collected 35 gold pieces.

Inventory:

Hand Weapons
 a - a +1 dagger (weapon)
Armour
 b - a +0 robe (worn)
Scrolls
 i - 2 scrolls of teleportation
Comestibles
 d - 3 rations


   Skills:
 * Level 1.3 Short Blades
 - Level 1.5 Dodging
 - Level 4.4 Stealth
 + Level 2.7 Spellcasting
 + Level 3.5 Hexes


You had 6 spell levels left.
You knew the following spells:

 Your Spells              Type           Power        Failure   Level  Hunger
a - Corona                Hex            ##.....      4%          1    #......

Your spell library contained the following spells:

 Spells                   Type           Power        Failure   Level  Hunger
 Confuse                  Hex            ##......     14%         3    ###....
 Tukima's Dance           Hex            ##......     14%         3    ###....
 Ensorcelled Hibernation  Hex/Ice        #.....       16%         2    ##.....
 Dazzling Spray           Conj/Hex       #.....       30%         3    ###....


Dungeon Overview and Level Annotations

Branches:
Dungeon (2/15)

Altars:

Annotations:
D:1 1 runed door


Innate Abilities, Weirdness & Mutations

You cannot wear boots.
Your serpentine skin is tough. (AC +1)
You have supernaturally acute eyesight. (SInv)
Armour fits poorly on your strangely shaped body.
Your system is resistant to poisons. (rPois)
You cover ground very slowly.
You have a slow metabolism.
You can spit poison.


Message History

You don't know that spell.
Casting: Corona (safe; 4% risk of failure)
Confirm with . or Enter, or press ? or * to list all spells.
Aiming: Corona (safe; 4% risk of failure)
Press: ? - help, Shift-Dir - straight line, f/p - adder
Aim: an adder (almost dead, chance to defeat MR: 57%)
The adder is outlined in light.
You feel sick. The adder bites you.
* * * LOW HITPOINT WARNING * * *
You are lethally poisoned!
The adder poisons you! The adder bites you.
* * * LOW HITPOINT WARNING * * *
You closely miss the adder.
The adder is almost dead.
The adder bites you.
* * * LOW HITPOINT WARNING * * *
The adder barely misses you. The adder closely misses you.
You aren't carrying any potions.
You closely miss the adder.
The adder is almost dead.
You die...

############
****#####...#......#
#,,,..........####.#
####.#####.........##.#
**
**#........#.......#.##.#
,*
*,........S@.....#.#.##.#
**
*,...#....S...####......#
*,,,,##.#######* ###.####
******,,,,*#.* *P.P# #.#
,,,,,*,**,*#,* ##### #.#
******,,,,,,,*** #.#
,,,,,,,**,***,,* ##.#
******,,,,***,,**** #..#
,,,,,**,,,,,*,,,,,* #.##


You could see 2 adders.

Vanquished Creatures
  2 dart slugs
  A leopard gecko (D:1)
  A giant cockroach (D:1)
  5 goblins
  2 hobgoblins
  A quokka (D:1)
  A ball python (D:1)
  4 bats (D:1)
  2 frilled lizards (D:1)
  4 kobolds
  4 rats (D:1)
27 creatures vanquished.

Notes
Turn   | Place    | Note
-------+----------+-------------------------------------------
     0 | D:1      | Harpaggios the Naga Enchanter began the quest for the Orb.
     0 | D:1      | Reached XP level 1. HP: 15/15 MP: 3/3
     1 | D:1      | Found a runed door.
     4 | D:1      | Noticed a jelly
    82 | D:1      | Reached XP level 2. HP: 16/22 MP: 3/5
   968 | D:2      | Reached XP level 3. HP: 18/28 MP: 4/6
  1379 | D:2      | HP: 1/28 [adder (3)]
  1380 | D:2      | Succumbed to an adder's poison

Action                   || total
-------------------------++-------
Melee: Dagger            ||    59
 Cast: Corona            ||    18
 Abil: Spit Poison       ||    15
  Use: Scroll            ||     5
       Potion            ||     4
 Stab: Sleeping          ||     1
  Eat: Chunk             ||     1
Armor: Robe              ||    11
Dodge: Dodged            ||    64
